 Dungeon Crawl Stone Soup version 0.17.1-2-g5865329 (webtiles) character file.

58 PossumBlood the Shooter (level 3, -3/24 HPs)
             Began as a High Elf Hunter on Jan 29, 2016.
             Killed by divine providence
             ... invoked by an orc priest
              (7 damage)
             ... on level 3 of the Dungeon on Jan 30, 2016.
             The game lasted 00:07:51 (1816 turns).

PossumBlood the Shooter (High Elf Hunter)           Turns: 1816, Time: 00:07:51

Health: -3/24      AC:  4    Str: 11    XL:     3   Next: 76%
Magic:  4/4        EV: 12    Int: 15    God:
Gold:   109        SH:  0    Dex: 16    Spells: 0 memorised, 2 levels left

rFire  . . .     SeeInvis .     b - +0 short sword
rCold  . . .     Clarity  .     c - +1 leather armour
rNeg   + . .     SustAt   .     (no shield)
rPois  .         Gourm    .     (no helmet)
rElec  .         Spirit   .     (no cloak)
rCorr  .         Warding  +     (no gloves)
rMut   .         Stasis   .     (no boots)
MR     .....                    j - amulet of warding
Stlth  ++........               (no ring)
                                (no ring)

@: not resistant to hostile enchantments, unstealthy
A: no striking features
a: no special abilities


You were on level 3 of the Dungeon.
You were not hungry.

You visited 1 branch of the dungeon, and saw 3 of its levels.

You collected 109 gold pieces.

Inventory:

Hand Weapons
 a - a +1 shortbow
 b - a +0 short sword (weapon)
Armour
 c - a +1 leather armour (worn)
Jewellery
 j - an amulet of warding (around neck)
 n - an uncursed ring of teleportation
Scrolls
 f - a scroll of noise {unknown}
 g - 2 scrolls of recharging {unknown}
 k - a scroll of immolation
 s - a scroll of teleportation
Potions
 h - 2 potions of curing
 l - 2 potions of flight
 m - a potion of brilliance {unknown}
 p - a potion of cancellation {unknown}
 r - 2 potions of haste {unknown}
 t - a potion of lignification {unknown}
Comestibles
 e - 2 bread rations
 i - a slice of pizza
 q - 4 fruits
 u - a meat ration


   Skills:
 - Level 2.0 Fighting
 * Level 7.2 Bows
 - Level 2.1 Dodging
 - Level 1.1 Stealth


You had 2 spell levels left.
You didn't know any spells.

Dungeon Overview and Level Annotations

Branches:
Dungeon (3/15)

Altars:
Yredelemnul


Message History

Aim: an orc priest, wielding a whip and wearing a chain mail (severely wounded)
Okay, then.
Firing (i - inventory): No suitable missiles.
Press: ? - help, Shift-Dir - straight line, f/p - orc priest
Aim: an orc priest, wielding a whip and wearing a chain mail (severely wounded)
Okay, then.
Firing (i - inventory): No suitable missiles.
Press: ? - help, Shift-Dir - straight line, f/p - orc priest
Aim: an orc priest, wielding a whip and wearing a chain mail (severely wounded)
Okay, then.
Wield which item (- for none, * to show all)? (? for menu, Esc to quit)
b - a +0 short sword (weapon)
You hit the orc priest but do no damage.
The orc priest is severely wounded.
The orc priest closely misses you.
You barely miss the orc priest.
The orc priest is severely wounded.
The orc priest mumbles some strange prayers to Beogh against you.
Something smites you!
You die...

# #####.†#.#.. #.#####
#........
#.#...####...###.#
#..?...+..........†.....#
#(.....#.#...####.#.###..
#...<..+.....# #.####..#
.......###...# #........
.......#.....####.......#
.......#@#...##.........#
...o.o(#(o..###.#######.#
#l...#..# #. #.#
##(#(....## #.#
...#.#..... #.#
#####.(....#. ..#
#.#...... ### #(#.....(
#.# ....


You could see an orc priest.

Vanquished Creatures
  An adder (D:2)
  A worm (D:2)
  A giant gecko (D:1)
  2 orcs (D:3)
  4 goblins
  7 hobgoblins
  A quokka (D:3)
  6 bats
  4 giant cockroaches
  4 giant newts
  3 jackals (D:3)
  7 kobolds
  2 rats (D:1)
43 creatures vanquished.

Notes
Turn   | Place    | Note
--------------------------------------------------------------
     0 | D:1      | PossumBlood the High Elf Hunter began the quest for the Orb.
     0 | D:1      | Reached XP level 1. HP: 14/14 MP: 2/2
   218 | D:1      | Reached XP level 2. HP: 19/19 MP: 3/3
   240 | D:1      | Reached skill level 6 in Bows
   930 | D:2      | Reached XP level 3. HP: 21/24 MP: 4/4
  1649 | D:3      | Found a basalt altar of Yredelemnul.
  1700 | D:3      | Reached skill level 7 in Bows
  1816 | D:3      | Killed from afar by an orc priest

Action                   || total
-------------------------++-------
Melee: Short sword       ||     2
 Fire: Shortbow          ||   125
  Use: Scroll            ||     8
       Potion            ||     1
  Eat: Royal jelly       ||     1
       Beef jerky        ||     1
